 Dungeon Crawl Stone Soup version 0.31-a0-234-gad7ace16ef (webtiles) character file.

Game seed: 10520172625075104798

215 qw the Shooter (level 5, -2/45 HPs)
             Began as a Minotaur Hexslinger on July 9, 2023.
             Slain by Grinder (3 damage)
             ... on level 3 of the Dungeon.
             The game lasted 00:01:02 (2254 turns).

qw the Shooter (Minotaur Hexslinger)                Turns: 2254, Time: 00:01:03

Health: -2/45      AC:  4    Str: 12    XL:     5   Next: 60%
Magic:  5/5        EV: 12    Int: 10    God:
Gold:   143        SH:  0    Dex: 15    Spells: 5/6 levels left

rFire   . . .        Y - +1 sling
rCold   . . .        (no shield)
rNeg    . . .        c - +2 robe {Will+}
rPois   .            (helmet restricted)
rElec   .            (no cloak)
rCorr   .            (no gloves)
SInv    .            (no boots)
Will    ++...        i - amulet of faith
Stlth   +            d - ring of willpower
HPRegen 0.27/turn    (no ring)
MPRegen 0.09/turn

%: faith
@: no status effects
A: horns 2, retaliatory headbutt
a: no special abilities


You were on level 3 of the Dungeon.
You visited 1 branch of the dungeon, and saw 3 of its levels.

You collected 176 gold pieces.
You spent 33 gold pieces at shops.


Innate Abilities, Weirdness & Mutations

You have a pair of horns on your head.
You reflexively headbutt those who attack you in melee.


   Skills:
 - Level 3.0 Fighting
 + Level 5.8 Ranged Weapons
 - Level 1.0 Armour
 - Level 2.1 Dodging
 - Level 1.0 Spellcasting
 - Level 2.0 Hexes


You had 5 spell levels left.
You knew the following spells:

 Your Spells              Type           Power      Damage    Failure   Level
a - Slow                  Hex            16%        N/A       16%         1

Your spell library contained the following spells:

 Spells                   Type           Power      Damage    Failure   Level
 Inner Flame              Hex/Fire       2%         N/A       56%         3
 Portal Projectile        Hex/Tloc       4%         N/A       56%         3
 Cause Fear               Hex            2%         N/A       83%         4

Inventory:

Hand Weapons
 Y - a +1 sling (weapon)
Armour
 c - a +2 robe of willpower (worn)
Jewellery
 d - a ring of willpower (left hand)
 i - an amulet of faith (around neck)
Scrolls
 l - a scroll of identify
Potions
 a - a potion of lignification {unknown}
 f - 3 potions of curing

Dungeon Overview and Level Annotations

Branches:
Dungeon (3/15)

Altars:

Shops:
D:1 *

Annotations:
D:2 1 runed translucent door, Crazy Yiuf
D:3 2 runed translucent doors, Grinder


Message History

You resist with almost no effort.
Grinder blinks!
You shoot a sling bullet. The sling bullet barely misses Grinder.
You shoot a sling bullet.
The sling bullet closely misses Grinder.
You shoot a sling bullet.
The sling bullet closely misses Grinder.
You shoot a sling bullet. The sling bullet hits Grinder.
Grinder is heavily wounded.
Grinder says, "Mostly I couldn't keep them alive."
Grinder hits you.
You writhe in agony.
You shoot a sling bullet.
The sling bullet closely misses Grinder.
Grinder closely misses you. You furiously retaliate!
You headbutt Grinder! You shoot a sling bullet.
The sling bullet barely misses Grinder.
Grinder hits you but does no damage.
You shoot a sling bullet.
The sling bullet hits Grinder but does no damage.
Grinder is severely wounded.
Grinder hits you!
You writhe in agony.
You shoot a sling bullet.
The sling bullet completely misses Grinder.
Grinder hits you but does no damage.
You shoot a sling bullet.
The sling bullet completely misses Grinder.
Grinder hits you. Grinder hits you!
You writhe in agony.
You shoot a sling bullet.
The sling bullet closely misses Grinder.
Grinder hits you but does no damage.
You shoot a sling bullet. The sling bullet hits Grinder!
Grinder is almost dead.
Grinder closely misses you.
You shoot a sling bullet.
The sling bullet closely misses Grinder.
Grinder hits you.
You writhe in agony.
You shoot a sling bullet.
The sling bullet hits Grinder but does no damage.
Grinder is almost dead.
Grinder says, "Tell me all your secrets, or I'll kill you."
Grinder hits you.
You writhe in agony.
You die...

###########
..........#
..........#
......5@<.#
####.#..###
#.##..#
#.###.# #.#
#.## #.#
#..#
#.####.#
#......# .#
#..#####


You could see Grinder.

Vanquished Creatures
  Natasha (thrice) (D:2)
  Robin (D:2)
  6 adders
  A worm (D:2)
  A dart slug (D:3)
  5 bats
  7 endoplasms
  2 giant cockroaches (D:2)
  10 goblins
  7 hobgoblins
  6 jackals
  2 quokkas (D:1)
  3 ball pythons
  8 frilled lizards
  4 kobolds
  5 rats
71 creatures vanquished.

Notes
Turn   | Place    | Note
-------+----------+-------------------------------------------
     0 | D:1      | qw the Minotaur Hexslinger began the quest for the Orb.
     0 | D:1      | Reached XP level 1. HP: 16/16 MP: 1/1
     0 | D:1      | 0 ||| qw: Version: 0.3-a-51-g015441d
     0 | D:1      | 0 ||| qw: Game counter: 4043
     0 | D:1      | 0 ||| qw: Melee chars always use a shield: true
     0 | D:1      | 0 ||| qw: God list: Okawaru
     0 | D:1      | 0 ||| qw: Allow faded altars: false
     0 | D:1      | 0 ||| qw: Do Orc after clearing Dungeon:15 true
     0 | D:1      | 0 ||| qw: Do second Lair branch before Depths: true
     0 | D:1      | 0 ||| qw: Lair rune preference: random
     0 | D:1      | 0 ||| qw: Goals: Normal
     0 | D:1      | 0 ||| PLANNING D:1-11
    75 | D:1      | Reached skill level 3 in Ranged Weapons
    76 | D:1      | Reached XP level 2. HP: 18/23 MP: 2/2
   327 | D:1      | Found Epus's General Store.
   338 | D:1      | 338 ||| SHOPLISTING +11 sling of Symmetry {heavy, rPois
                  | rN+++ Str+3 Dex-3} (988 gold, have 83).
   338 | D:1      | 338 ||| BUYING potion of curing (33 gold).
   338 | D:1      | Bought a potion of curing for 33 gold pieces
   413 | D:1      | Found a faded altar of an unknown god.
   441 | D:1      | Reached XP level 3. HP: 29/29 MP: 3/3
   528 | D:1      | 528 ||| UPGRADING to +0 ring mail.
   538 | D:1      | 538 ||| DROPPING +0 robe.
   539 | D:1      | 539 ||| UPGRADING to ring of willpower.
   540 | D:1      | 540 ||| DROPPING scroll of poison.
   570 | D:2      | Noticed Robin
   571 | D:2      | 571 ||| Stepping ~*~*~tactically~*~*~ (outnumbered).
   583 | D:2      | Reached skill level 4 in Ranged Weapons
   586 | D:2      | 586 ||| Stepping ~*~*~tactically~*~*~ (outnumbered).
   588 | D:2      | HP: 7/29 [goblin/+0 dagger[Robin] (1)]
   590 | D:2      | Reached skill level 1 in Armour
   592 | D:2      | Killed Robin
   761 | D:2      | Reached XP level 4. HP: 33/36 MP: 4/4
  1152 | D:2      | Noticed Natasha
  1163 | D:2      | Killed Natasha
  1164 | D:2      | Reached skill level 5 in Ranged Weapons
  1208 | D:2      | Noticed Natasha
  1214 | D:2      | Reached XP level 5. HP: 37/41 MP: 5/5
  1221 | D:2      | Killed Natasha
  1222 | D:2      | Reached skill level 3 in Fighting
  1533 | D:2      | Found a runed translucent door.
  1534 | D:2      | Noticed Crazy Yiuf
  1716 | D:2      | 1716 ||| UPGRADING to +2 robe of willpower.
  1726 | D:2      | 1726 ||| DROPPING +0 ring mail.
  1727 | D:2      | 1727 ||| UPGRADING to amulet of faith.
  1732 | D:2      | 1732 ||| READING scroll labelled UCUCESCH FILUTANY.
  1808 | D:2      | 1808 ||| READING scroll labelled JYAHUC XASIM.
  1809 | D:2      | 1809 ||| READING scroll labelled OCKI QOCICU.
  1810 | D:2      | 1810 ||| READING 3 scrolls labelled UFILIETIGGUISM.
  1811 | D:2      | 1811 ||| READING 2 scrolls labelled CUGUBBYDENG.
  1812 | D:2      | 1812 ||| DRINKING 3 ruby potions.
  1813 | D:2      | 1813 ||| DRINKING 3 potions of curing.
  1813 | D:2      | 1813 ||| (to cure confusion)
  1814 | D:2      | 1814 ||| DROPPING 2 potions of ambrosia.
  1815 | D:2      | 1815 ||| DROPPING 2 scrolls of fog.
  1836 | D:2      | Noticed Natasha
  1837 | D:2      | 1837 ||| FLEEEEING.
  1843 | D:2      | Killed Natasha
  2050 | D:3      | 2050 ||| FLEEEEING.
  2051 | D:3      | 2051 ||| FLEEEEING.
  2052 | D:3      | 2052 ||| FLEEEEING.
  2052 | D:3      | Found a runed translucent gate.
  2053 | D:3      | 2053 ||| FLEEEEING.
  2053 | D:3      | Found a runed translucent gate.
  2054 | D:3      | 2054 ||| FLEEEEING.
  2055 | D:3      | 2055 ||| FLEEEEING.
  2056 | D:3      | 2056 ||| FLEEEEING.
  2057 | D:3      | 2057 ||| FLEEEEING.
  2058 | D:3      | 2058 ||| FLEEEEING.
  2059 | D:3      | 2059 ||| FLEEEEING.
  2060 | D:3      | 2060 ||| FLEEEEING.
  2061 | D:3      | 2061 ||| FLEEEEING.
  2062 | D:3      | 2062 ||| FLEEEEING.
  2063 | D:3      | 2063 ||| FLEEEEING.
  2065 | D:3      | 2065 ||| FLEEEEING.
  2066 | D:3      | 2066 ||| FLEEEEING.
  2067 | D:3      | 2067 ||| FLEEEEING.
  2068 | D:3      | 2068 ||| FLEEEEING.
  2069 | D:3      | 2069 ||| FLEEEEING.
  2070 | D:3      | 2070 ||| FLEEEEING.
  2071 | D:3      | 2071 ||| FLEEEEING.
  2072 | D:3      | 2072 ||| FLEEEEING.
  2073 | D:3      | 2073 ||| FLEEEEING.
  2074 | D:3      | 2074 ||| FLEEEEING.
  2075 | D:3      | 2075 ||| FLEEEEING.
  2077 | D:3      | 2077 ||| FLEEEEING.
  2082 | D:3      | 2082 ||| STAIRDANCE
  2136 | D:2      | 2136 ||| DROPPING amulet of guardian spirit.
  2137 | D:2      | 2137 ||| DROPPING ring of flight.
  2138 | D:2      | 2138 ||| READING scroll labelled ABBAQE WAIXISM.
  2219 | D:3      | Noticed Grinder
  2253 | D:3      | HP: 9/45 [Grinder (6)]
  2253 | D:3      | HP: 3/45 [Grinder (6)]
  2254 | D:3      | HP: 1/45 [Grinder (2)]
  2254 | D:3      | Slain by Grinder

Levels and vault maps discovered:
D:1:      minmay_arrival_radiant_lines, layout_basic, serial_shops, shop,
          hellmonk_ecumenical_altar_heavens_door
D:2:      layout_basic, uniq_natasha, uniq_robin, uniq_crazy_yiuf_cottage
D:3:      layout_rooms, gammafunk_ghost_cemetery, minmay_misc_feat_roman,
          uniq_grinder

Skill      XL: |  1  2  3  4  5 |
---------------+----------------+-----
Ranged Weapons | 3 4 5 |  5.8
Fighting       | 2 3 |  3.0
Armour         | 1 |  1.0
Dodging        | |  2.1
Spellcasting   | |  1.0
Hexes          | |  2.0

Action                     |  1- 3 |  4- 6 || total
---------------------------+-------+-------++-------
   Fire: Sling             |    97 |   120 ||   217
    Use: Scroll            |       |     6 ||     6
         Potion            |       |     2 ||     2
 Armour: Robe              |     3 |     6 ||     9
         Ring mail         |    11 |    14 ||    25
  Dodge: Dodged            |    44 |    39 ||    83

Table legend:
 A = Non-vault XP
 B = Vault XP
 C = Vault XP percentage of total XP
 D = Non-vault monster count
 E = Vault monster count
 F = Vault count percentage of total count
                 A         B        C        D         E       F
            +---------+---------+-------+---------+---------+-------
      Total |     236 |      72 |  23.4 |      59 |      12 |  16.9
            +---------+---------+-------+---------+---------+-------
        D:1 |      43 |       0 |   0.0 |      25 |       0 |   0.0
        D:2 |     165 |      72 |  30.4 |      25 |      12 |  32.4
        D:3 |      28 |       0 |   0.0 |       9 |       0 |   0.0
            +---------+---------+-------+---------+---------+-------
